[Event "Reykjavik Open 2024"]
[Site "Reykjavik"]
[Date "2024.03.17"]
[Round "4.9"]
[White "Haldorsen, Benjamin"]
[Black "Moussard, Jules"]
[Result "0-1"]
[ECO "B51"]
[WhiteElo "2426"]
[BlackElo "2621"]
[Annotator "TA"]
[PlyCount "88"]
[EventDate "2024.03.12"]
[EventCountry "ISL"]
[SourceTitle "playchess.com"]
[Source "ChessBase"]
[SourceQuality "1"]
[TimeControl "40/5400+30:1800+30"]

1. e4 c5 2. Nf3 d6 3. Bb5+ Nd7 4. a4 Ngf6 5. Nc3 a6 6. Be2 g6 7. a5 b5 8. axb6 {[%emt 0:00:18] Weiß steht etwas besser.} Bb7 9. d3 Bg7 10. O-O Nxb6 11. Be3 O-O 12. h3 Qc7 13. Qd2 e5 14. Nh2 (14. Bh6 {ist interessant.} d5 15. Bxg7 Kxg7 16. Qg5) 14... d5 15. exd5 Nfxd5 16. Nxd5 Nxd5 17. Bf3 Nxe3 18. Qxe3 c4 19. Ra2 cxd3 20. cxd3 Rfd8 21. Rfa1 Qd7 22. Bxb7 Qxb7 23. Nf3 Qb5 24. Ra5 Qxb2 (24... Qxd3 {vereinfacht} 25. Qxd3 Rxd3 26. Nxe5 Rd4) 25. Nxe5 Rac8 (25... Bxe5 {vereinfacht} 26. Qxe5 Qxe5 27. Rxe5 Rxd3 28. Rea5 Rd6) 26. d4 (26. Qf4 $11) 26... Qxd4 $15 27. Qxd4 Rxd4 28. Nf3 Rd3 (28... Rdc4 $17 29. R1a2 Rc1+ 30. Kh2 R8c2 31. Rxc2 Rxc2) 29. R1a2 Rc1+ 30. Kh2 Bh6 {[%emt 0:00:05] Droht ...Bf4+ und aus.} 31. Ng1 Rdd1 32. Ne2 Rh1+ 33. Kg3 Rcd1 34. Rxa6 Bf8 35. Rc6 (35. Nf4 $1 $11) 35... Bd6+ 36. f4 (36. Kf3 $1 $15) 36... Bb4 $1 $17 {[%emt 0:00:05] ( -> ...Rd3+)} 37. f5 (37. Kf3 $17) 37... Rd3+ (37... gxf5 38. Ra4 Rd3+ 39. Kf4 Rf1+ 40. Kg5 Be7+ 41. Kh6 $11) ({Vorzuziehen ist} 37... Rhf1 $1 $19 38. fxg6 hxg6) 38. Kf4 Bd2+ 39. Kg4 {[%emt 0:00:43] [#]} Rh2 ({Günstiger ist} 39... gxf5+ $1 $17 40. Kh4 h6 41. Rxd2 Rxd2) 40. Ra8+ $2 {[%emt 0:01:02][%mdl 8192] Der Zug kostet die Partie für Weiß.} (40. Nf4 $15 Rd4 (40... h5+ 41. Kg5 $15) 41. g3) 40... Kg7 $19 41. f6+ Kh6 42. Nf4 Rd4 43. g3 Bxf4 44. gxf4 {[%emt 0:00:07] [#]} Rd3 $1 {[%emt 0:00:10] Gewichteter Fehlerwert: Weiß=0.66/Schwarz=0.14 (sehr präzise) .  Verlustzug:     	Weiß=1     	---        Fehler:       	Weiß=4     	Schwarz=3     Ungenau:       	Weiß=4     	Schwarz=1     OK:         	Weiß=8     	Schwarz=13    Bester:       	Weiß=4     	Schwarz=2     Stark:        	---       	Schwarz=1} 0-1

[Event "Reykjavik Open 2024"]
[Site "Reykjavik"]
[Date "2024.03.17"]
[Round "4.10"]
[White "Salimova, Nurgyul"]
[Black "Pultinevicius, Paulius"]
[Result "0-1"]
[ECO "A49"]
[WhiteElo "2426"]
[BlackElo "2575"]
[Annotator "TA"]
[PlyCount "76"]
[EventDate "2024.03.12"]
[EventCountry "ISL"]
[SourceTitle "playchess.com"]
[Source "ChessBase"]
[SourceQuality "1"]
[TimeControl "40/5400+30:1800+30"]

1. d4 Nf6 2. Nf3 g6 3. g3 Bg7 4. Bg2 O-O 5. O-O d6 6. a4 Nc6 7. a5 e5 8. dxe5 dxe5 {[%emt 0:00:07] [#]} 9. a6 $1 Qe7 {[%emt 0:05:46] The position is equal.} (9... e4 10. Qxd8) 10. Bg5 bxa6 11. Nfd2 Qe6 12. c4 Rb8 13. Nc3 Rxb2 14. Nd5 (14. Na4 $11 {feels stronger.} Rb8 15. Nc5) 14... Nxd5 $15 15. cxd5 Qf5 16. h4 Nd4 {[%emt 0:02:25] aiming for ...Qc2.} 17. e3 (17. Rc1 $1 $15) 17... f6 $17 18. exd4 fxg5 19. hxg5 exd4 20. Ne4 Kh8 (20... Qxd5 $2 21. Nf6+ Kh8 22. Bxd5 $18 (22. Nxd5 Bf5 $18)) 21. Rc1 Qxd5 {[%emt 0:04:21] ...d3 is the strong threat.} 22. Rxc7 {[%emt 0:00:50][%cal Od1c1] And now Qc1! would win.} Bb7 (22... d3 23. Qc1 Rc2 24. Rxc2 dxc2 25. Qxc2 $11) (22... Bf5 $17 23. Qc1 (23. Nf6 $2 Qe5 $19) 23... Rbb8 (23... Bxe4 24. Bxe4 Qa2 25. Bb1 $11)) 23. Qc1 $15 Re2 (23... Rb5 $5) 24. Qb1 ({White should play} 24. Re7 $15 Bc6 25. Rc7) 24... Ba8 $1 $19 25. Rxa7 {[%emt 0:00:17] [#]} Qe5 $2 (25... Rxe4 26. Rxa8 Qxa8 27. Bxe4 $11) ({Better is} 25... d3 $1 $19 26. Rxa8 Qxa8 (26... Rxa8 27. Nc3 $11) 27. Qxd3 Rb2) 26. Qd3 $11 Ra2 (26... Bxe4 $2 27. Qxe2 Qc5 28. Qxa6 (28. Rxg7 Bxg2 29. Kxg2 Kxg7 $11) 28... Bxg2 29. Kxg2 Qxg5 30. Rd7 $18) 27. Qb1 Re2 28. Qd3 Qb5 {[%emt 0:00:28] Really sharp!} (28... Bxe4 $2 29. Qxe2 Qc5 30. Qxa6 (30. Rxg7 Bxg2 31. Kxg2 Qd5+ 32. Kg1 Kxg7 $11) 30... Bxg2 31. Kxg2 Qd5+ 32. Kg1 $18) 29. Qxb5 axb5 30. Nd6 Bxg2 31. Kxg2 b4 {[%emt 0:00:28] ...b3 would now be deadly.} 32. Rb7 d3 33. Rxb4 Bc3 34. Rb7 (34. Rb3 $1 $11 {keeps the balance.} d2 35. Rxc3 Rexf2+ 36. Rxf2 Rxf2+ (36... d1=N 37. Rxf8+ Kg7 38. Rf7+ Kh8 39. Rc8#) 37. Kxf2) 34... Kg8 $17 {[%emt 0:00:25] White must now prevent ...d2.} 35. Rb3 d2 $1 {[%emt 0:01:27] Black is much more active.} 36. Ne4 (36. Rxc3 $17 Rexf2+ 37. Rxf2 Rxf2+ (37... d1=B $2 {perishes.} 38. Ne4 $18) 38. Kxf2) 36... Rxe4 $19 (36... Bd4 $2 37. Rd1 $19) 37. Rxc3 {[%emt 0:00:04] [#]} Rd8 $1 {[%emt 0:00:05] ( -> ...Re1)} 38. Kf3 Re1 {[%emt 0:00:07] Weighted Error Value: White=0.54/Black=0.13 (very precise) .  Loses game:     	White=1     	---        Missed win:     	---       	Black=1      Mistake:       	White=4     	Black=1      Inaccurate:     	---       	Black=2      OK:         	White=10    	Black=7      Best:        	White=8     	Black=3      Strong:       	---       	Black=2} (38... d1=B+ $2 {too greedy.} 39. Kxe4 Rd7 40. Kf4 $18) ({Not} 38... d1=N 39. Rxd1 Rxd1 40. Kxe4 $14) 0-1

[Event "Reykjavik Open 2024"]
[Site "Reykjavik"]
[Date "2024.03.17"]
[Round "4.11"]
[White "Can, Emre"]
[Black "Sidhant, Mohapatra"]
[Result "1-0"]
[ECO "D11"]
[WhiteElo "2551"]
[BlackElo "2379"]
[Annotator "TA"]
[PlyCount "49"]
[EventDate "2024.03.12"]
[EventCountry "ISL"]
[SourceTitle "playchess.com"]
[Source "ChessBase"]
[SourceQuality "1"]
[TimeControl "40/5400+30:1800+30"]

1. d4 d5 2. c4 c6 3. Nf3 Nf6 4. Nbd2 Bf5 5. Nh4 Be4 6. f3 Bg6 7. Qb3 Qc7 8. g4 {[%emt 0:00:47] The position is equal.} e6 9. e4 Be7 {[%emt 0:08:24][%cal Rf6e4] next ...Nxe4! is good for Black.} 10. cxd5 cxd5 11. Nxg6 $1 hxg6 12. e5 $1 Nfd7 {[%emt 0:02:44] [#] White must now prevent ...Nc6.} 13. f4 $1 Bh4+ 14. Kd1 Bf2 (14... Nb6 $11 {remains equal.}) 15. Nf3 $16 {[%emt 0:00:18] Strongly threatening h4.} Nc6 16. Qc2 Bh4 {[%emt 0:00:47] [#]} 17. g5 $1 O-O-O 18. Rg1 {[%emt 0:03:54] Rg4 would now be deadly.} Rh5 19. Be3 Kb8 20. Rc1 Qb6 {[%emt 0:00:38] Dodges Bb5} 21. Qb3 Qxb3+ 22. axb3 Ne7 23. Bd3 (23. Bd2 $18) 23... Nf5 24. Ke2 {[%emt 0:03:56] Bd2 is the strong threat.} Nf8 $2 (24... Nxe3 $16 25. Kxe3 Rdh8) 25. Rg4 {[%emt 0:01:50] Weighted Error Value: White=0.06 (flawless) /Black=0.31.  Loses game:     	---       	Black=1      Mistake:       	White=1     	Black=1      Inaccurate:     	White=1     	Black=1      OK:         	White=5     	Black=9      Best:        	White=3     	Black=1      Strong:       	White=4     	---} 1-0

[Event "Reykjavik Open 2024"]
[Site "Reykjavik"]
[Date "2024.03.17"]
[Round "4.12"]
[White "Garifullina, Leya"]
[Black "Maze, Sebastien"]
[Result "1/2-1/2"]
[ECO "B90"]
[WhiteElo "2413"]
[BlackElo "2551"]
[Annotator "TA"]
[PlyCount "93"]
[EventDate "2024.03.12"]
[EventCountry "ISL"]
[SourceTitle "playchess.com"]
[Source "ChessBase"]
[SourceQuality "1"]
[TimeControl "40/5400+30:1800+30"]

1. e4 c5 2. Nf3 d6 3. d4 cxd4 4. Nxd4 Nf6 5. Nc3 a6 6. Be3 e5 7. Nb3 Be6 8. f3 h5 9. Qd2 Nbd7 10. O-O-O Rc8 11. Kb1 Be7 12. Bd3 Qc7 13. h3 h4 14. f4 Nb6 15. Rhe1 Nc4 16. Bxc4 Qxc4 (16... Bxc4 $14 17. Qf2 Bxb3 18. axb3 (18. cxb3 b5 $14) 18... b5) 17. f5 $16 Bd7 18. Bg5 Bc6 19. Bxf6 gxf6 20. Qf2 Rg8 21. a3 Rg3 {[%emt 0:04:35] [#] Pariert Rd3.} 22. Re3 Rxe3 23. Qxe3 Bd8 24. Nd2 (24. Rxd6 $18 {Schwarz muss nun Nd2 beachten.} Qf1+ 25. Rd1) 24... Qd4 (24... Qc5 $16 25. Qh6 Ke7) 25. Qxd4 (25. Qh6 $18) 25... exd4 26. Ne2 Bb6 ({Besser ist} 26... b5) 27. Nc4 $1 Bc5 28. Nxd4 {[%emt 0:01:52] Weiß steht aktiver.} ({Vergiftet wäre} 28. Rxd4 $2 Bxd4 29. Nxd4 (29. Nxd6+ $2 {verliert.} Kd7 $19) 29... Ke7 (29... Bxe4 $2 30. Nxd6+ Kf8 31. Nxc8 $18) 30. Nxc6+ bxc6 $19) 28... Bxe4 {[%emt 0:01:39][%cal Od6d5] [#]} 29. Nxd6+ Bxd6 30. Re1 Kd7 31. Rxe4 {[%emt 0:00:04][%mdl 4096] Endspiel. KRB-KRN} Rg8 32. Rg4 ({Bloß nicht} 32. Rxh4 $6 Rxg2 33. c3 Rf2 $14) 32... Rh8 33. c4 Bg3 34. Nf3 Rh5 35. Rd4+ Kc7 36. Rd5 Rh8 37. Kc2 Re8 38. Kd1 (38. Rd4 $16) 38... Re4 $1 $14 39. b3 Re3 40. Kc2 Re2+ 41. Rd2 Re3 42. Kb2 a5 43. a4 Be5+ {[%emt 0:00:00] Die Stellung ist ausgeglichen.} 44. Ka3 Bd6+ 45. Kb2 Be5+ 46. Ka3 Bd6+ 47. Kb2 {[%emt 0:00:00] Schwarz rettet sich ins Remis.   Gewichteter Fehlerwert: Weiß=0.14 (sehr präzise) /Schwarz=0.16 (sehr präzise) .  Fehler:       	Weiß=3     	Schwarz=3     Ungenau:       	---       	Schwarz=3     OK:         	Weiß=9     	Schwarz=16    Bester:       	Weiß=4     	---        Stark:        	---       	Schwarz=1} 1/2-1/2

[Event "Reykjavik Open 2024"]
[Site "Reykjavik"]
[Date "2024.03.17"]
[Round "4.13"]
[White "Adhiban, B.."]
[Black "Domalchuk-Jonasson, Aleksandr"]
[Result "1-0"]
[ECO "C42"]
[WhiteElo "2541"]
[BlackElo "2355"]
[Annotator "TA"]
[PlyCount "65"]
[EventDate "2024.03.12"]
[EventCountry "ISL"]
[SourceTitle "playchess.com"]
[Source "ChessBase"]
[SourceQuality "1"]
[TimeControl "40/5400+30:1800+30"]

1. e4 e5 2. Nf3 Nf6 3. Nxe5 d6 4. Nf3 Nxe4 5. d4 d5 6. Bd3 Bd6 7. O-O O-O 8. c4 c6 9. cxd5 cxd5 10. Nc3 Nxc3 11. bxc3 Bg4 12. h3 Bh5 13. Rb1 b6 14. Re1 Nc6 15. Kh1 (15. g3 $5) 15... Re8 16. Be3 (16. Rxe8+ $11 Qxe8 17. Bd2) 16... Bc7 17. g4 Bg6 18. Bxg6 hxg6 19. Bg5 Rxe1+ 20. Qxe1 Qd7 21. Qf1 Re8 22. Re1 Re4 23. Be3 Qd6 ({Black should try} 23... Na5 $15) 24. Qg2 Qa3 {[%emt 0:01:48] [#]} (24... f6 $15 {stays ahead.}) 25. Ng5 $1 $16 Qxc3 26. Qf1 (26. Nxe4 $2 {is the wrong capture.} Qxe1+ 27. Qg1 Qxg1+ 28. Kxg1 dxe4 $19) ({Don't go for} 26. Rc1 $2 Qxc1+ 27. Bxc1 Re1+ $19 (27... Rxd4 $2 28. Qf3 $18) (27... Rxd4 $2 28. Qf3 $18)) 26... Nxd4 $2 (26... Qb4 $16) 27. Nxe4 (27. Rc1 $1 $18 Nc2 28. Qe2) 27... dxe4 28. Rc1 Nc2 {[%emt 0:00:03] [#]} 29. Qd1 $1 $36 {[%emt 0:05:58][%mdl 2048] White is on the roll.} Qe5 30. f4 (30. Rxc2 $2 Qh2#) 30... exf3 31. Rxc2 (31. Qxc2 Qg3 32. Rb1 (32. Qxc7 $2 Qg2#) 32... Qxh3+ 33. Kg1 Qxg4+ 34. Kf1 Bg3 $15) 31... Qxe3 (31... f2 $16 32. Rxc7 (32. Bxf2 $2 Qh2#) 32... f1=Q+ 33. Qxf1 Qxc7) 32. Rxc7 $18 {[%emt 0:00:07] Qd8+ is the strong threat.} f2 (32... Qf2 $18 33. Rc2 (33. Rxa7 $2 Qg2#) 33... Qg3) 33. Qd8+ {[%emt 0:00:08] Weighted Error Value: White=0.23 (precise) /Black=0.89.  Loses game:     	---       	Black=2      Mistake:       	White=2     	Black=3      Inaccurate:     	White=3     	Black=1      OK:         	White=2     	Black=4      Best:        	White=4     	Black=1      Strong:       	White=2     	---} (33. Rxa7 $2 Qxh3#) 1-0

[Event "Reykjavik Open 2024"]
[Site "Reykjavik"]
[Date "2024.03.17"]
[Round "4.14"]
[White "Krzyzanowski, Marcin"]
[Black "Thorfinnsson, Bjorn"]
[Result "0-1"]
[ECO "C47"]
[WhiteElo "2524"]
[BlackElo "2353"]
[Annotator "TA"]
[PlyCount "130"]
[EventDate "2024.03.12"]
[EventCountry "ISL"]
[SourceTitle "playchess.com"]
[Source "ChessBase"]
[SourceQuality "1"]
[TimeControl "40/5400+30:1800+30"]

1. e4 e5 2. Nf3 Nf6 3. Nc3 Nc6 4. h3 g6 5. Bc4 Bg7 6. d3 d6 7. a4 h6 8. a5 {[%emt 0:00:23] White is slightly better.} Qe7 9. Be3 Nd8 10. Qd2 Be6 11. Bb5+ c6 12. Ba4 Kf8 13. d4 Kg8 (13... Bc4 $14) 14. dxe5 $16 dxe5 15. Nxe5 Nxe4 16. Nxg6 (16. Nxe4 Bxe5 17. O-O-O (17. Bxh6 $2 Rxh6 18. Qxh6 Qb4+ 19. c3 Qxe4+ 20. Qe3 Qxe3+ 21. fxe3 f6 $19) 17... Bd5 $14) 16... fxg6 17. Nxe4 Nf7 18. Nc5 Bd5 19. O-O Kh7 {[%emt 0:07:07] [#]} (19... Ne5 $16) 20. Rfe1 $1 $18 Qh4 21. Bb3 Rad8 {[%emt 0:02:29][%cal Od5g2] And now ...Bxg2! would win.} 22. Qe2 (22. Nxb7 Bxg2 (22... Bxb3 23. Nxd8 Rxd8 24. Qc1 $11) 23. Nxd8 Rxd8 24. Kxg2 Rxd2 25. Bxd2 Bxb2 $11) 22... Bxb3 23. cxb3 Qe7 24. Ra4 {[%emt 0:03:00] Hoping for Re4.} Rhe8 (24... Nd6 $142 25. Bd4 Qxe2 26. Rxe2 Rhe8) 25. Re4 Qc7 26. Ne6 Qxa5 27. Ra4 (27. Nxd8 $6 Rxe4 28. Nxf7 Qc7 $16) 27... Qxe1+ 28. Qxe1 Rxe6 29. Rxa7 Nd6 30. Qb4 Rd7 31. g4 Nb5 32. Qc4 $2 (32. Ra2 $18) 32... Rxe3 $1 $17 {[%emt 0:00:06] Black is more active.} 33. Ra8 $2 (33. fxe3 $17 Nxa7 34. h4) 33... Re1+ $19 (33... Rxh3 34. Qg8#) 34. Kg2 Rd5 $1 (34... Bxb2 35. Qg8#) 35. h4 $2 (35. b4) 35... Nd6 (35... Bxb2 $2 36. Qf4 Nd6 37. Qf8 $18) 36. Qc2 Re4 37. Ra4 Rxa4 (37... Bd4 $19 {has better winning chances.} 38. f3 Re6) 38. bxa4 $17 h5 39. f3 Bh6 (39... Bf6 $19 40. Kh3 Bd4) 40. Qb3 Rd2+ (40... hxg4 $17 41. fxg4 Bg7) 41. Kg1 {[%emt 0:33:45] [#]} (41. Kf1 $1 $15) 41... Bg7 $1 42. Qe6 Bxb2 43. Kh1 (43. f4 $17) 43... Bg7 $19 44. Kg1 c5 45. gxh5 gxh5 46. f4 Rd4 {[%emt 0:01:56][%csl LRa4,LRf4][%cal Oc5c4] ...c4! is the strong threat.} 47. Qe2 (47. Kh2 {was worth a try.}) 47... c4 {[%emt 0:01:21] Strongly threatening ...c3.} (47... Rxf4 48. Qxh5+ Kg8 49. Qd5+ Nf7 50. Qxb7 Rxa4 51. Qb8+ Bf8 52. Qg3+ Kh8 53. Qf3 $15) 48. Qxh5+ Kg8 49. Qg6 c3 {[%emt 0:00:53][%cal Od4d2] aiming for ...Rd2!} 50. h5 {[%emt 0:00:21] Black must now prevent h6.} Nf7 {[%emt 0:00:49][%cal Od4d6] ...Rd6! would now be deadly.} 51. Qg4 Rd8 ({Worse is} 51... Rxa4 52. Qc8+ Kh7 (52... Bf8 53. Qg4+ Bg7 54. Qc8+ Kh7 55. Qf5+ Kg8 56. Qc8+ $11) 53. Qf5+ Kg8 54. Qc8+ Kh7 (54... Bf8 55. Qg4+ Bg7 56. Qc8+ $11) 55. Qf5+ Kg8 56. Qc8+ $11) 52. Qg6 Rd6 53. Qb1 Rd2 {[%emt 0:00:00] ( -> ...c2)} 54. Qe1 Kf8 55. Kf1 Bd4 {[%emt 0:00:00] Black mates.} 56. Qe6 c2 57. Qc8+ Kg7 58. Qg4+ Kf6 59. Qh4+ Kf5 60. Qh3+ Ke4 61. Qh1+ Kd3 62. Qh3+ Kc4 63. Qc8+ Kb3 64. Qxb7+ Ka2 65. Qxf7+ Ka1 {[%emt 0:00:00] Weighted Error Value: White=0.69/Black=0.18 (very precise) .  Loses game:     	White=1     	---        Missed win:     	White=1     	Black=1      Mistake:       	White=4     	Black=5      Inaccurate:     	White=3     	Black=2      OK:         	White=19    	Black=16     Best:        	White=2     	Black=5      Strong:       	---       	Black=3} (65... Kb1 $142 66. Qh7 Ka1 67. Qc7 Bb2 (67... Rd1+ $2 68. Kg2 $19) 68. f5 c1=Q+ (68... c1=R+ $2 69. Qxc1+ Bxc1 70. h6 $19) 69. Qxc1+ Bxc1 70. f6 Rh2 71. a5 Bb2 (71... Rxh5 {gets mated.} 72. f7 Bh6 73. Ke2 Rxa5 74. Kd3 Ra4 75. Kc3 Ka2 76. Kc2 Ra3 77. Kd1 Kb2 78. Ke1 Kc1 79. Ke2 Kc2 80. Kf2 Kd2 81. Kf1 Ke3 82. f8=B Bxf8 83. Kg2 Ke2 84. Kg1 Kf3 85. Kh1 Kg3 86. Kg1 Ra1#) 72. f7 Bg7 (72... Rxh5 73. f8=Q $14) 73. a6 Rxh5 (73... Ra2 $2 74. Ke1 $19) 74. Kf2 Rf5+ 75. Ke3 Rxf7 76. Ke4 Ra7 (76... Ka2 77. Ke3 Ra7 78. Kf4 Rxa6 79. Ke4 Ra5 80. Ke3 Kb2 81. Kf4 Kc3 82. Kg3 Be5+ 83. Kh4 Kd4 84. Kh5 Ke4 85. Kg6 Ra7 86. Kg5 Rg7+ 87. Kh4 Kf3 88. Kh5 Bf4 89. Kh4 Rh7#) 77. Kd5 Rxa6 78. Kc5 Kb2 79. Kd5 Kc2 80. Ke4 Ra5 81. Kf3 Ra4 82. Kf2 Be5 83. Kg2 Ra3 84. Kg1 Kd2 85. Kh1 Ke3 86. Kg2 Ra2+ 87. Kh1 Kf3 88. Kg1 Ra1#) 0-1

[Event "Reykjavik Open 2024"]
[Site "Reykjavik"]
[Date "2024.03.17"]
[Round "4.15"]
[White "Lu, Miaoyi"]
[Black "Suleymenov, Alisher"]
[Result "1/2-1/2"]
[ECO "B30"]
[WhiteElo "2392"]
[BlackElo "2506"]
[Annotator "TA"]
[PlyCount "65"]
[EventDate "2024.03.12"]
[EventCountry "ISL"]
[SourceTitle "playchess.com"]
[Source "ChessBase"]
[SourceQuality "1"]
[TimeControl "40/5400+30:1800+30"]

1. e4 c5 2. Nf3 Nc6 3. Bb5 e6 4. O-O Nge7 5. d4 cxd4 6. Nxd4 Ng6 7. Be3 Be7 8. c3 O-O {[%emt 0:00:10] The position is equal.} 9. Nd2 a6 {[%emt 0:04:18] Hoping for ...Nxd4.} 10. Bd3 Nxd4 11. cxd4 d5 12. e5 Bd7 13. a4 Qb6 14. a5 Qb4 15. Nf3 Rfc8 {[%emt 0:06:54] [#]} (15... Bb5 $11) 16. h4 (16. Bd2 $1 $16 Qxb2 17. Qe2) 16... Nf8 (16... Rc7 $11) 17. h5 (17. Bd2 $16 Qxb2 18. Rb1) 17... h6 18. Bd2 Qxb2 19. Rb1 Qa3 20. Qe2 {[%emt 0:04:34][%cal Ob1a1][%mdl 1024] Ra1! is the strong threat. White has strong compensation.} Bd8 21. Nh2 (21. Rxb7 $6 Bxa5 22. Qe3 Qa2 $11) (21. Qe3 $1 $16 {[%cal Od3h7] Black must now prevent Bh7+!} Qe7 22. Rxb7) 21... Bg5 (21... Bxa5 $2 22. Ra1 (22. Rxb7 Bxd2 23. Qxd2 Rab8 $17) 22... Qb2 23. Rxa5 (23. Bxa5 Qxd4 24. Rfd1 Qh4 $18) 23... Qxd4 24. Rb1 $18) (21... Bb5 $1 $11 22. Bxb5 axb5) 22. f4 (22. Rxb7 $6 Bxd2 23. Qxd2 Rc3 $14) (22. Bxg5 $18 hxg5 23. Qe3 (23. Rxb7 Rc3 $14)) 22... Bd8 $16 23. Rf3 {[%emt 0:03:07] White is more active.} (23. Rxb7 $6 Bxa5 24. Qe3 Qa4 25. Bxa5 Qxa5 $11) ({Better is} 23. Qe3 $16 {[%cal Od3h7] Bh7+! would now be deadly.} Qe7 (23... Bxa5 $2 24. Bh7+ Nxh7 25. Qxa3 $18) 24. Rxb7) 23... Qa4 $11 24. Rg3 Bh4 $1 (24... Bxa5 $2 25. Qg4 g6 (25... Qxd4+ $2 26. Be3 $18) 26. Bxa5 $18) (24... Qxd4+ $2 25. Be3 Qc3 26. Qg4 $18) 25. Rh3 Be7 26. Ng4 (26. Nf3 {simplifies} Bb5 27. Bxb5 axb5 28. Qxb5 Qxb5 29. Rxb5 Bd8 30. Rh1) 26... Kh8 27. Rg3 {[%emt 0:02:13][%cal Og4h6] And now Nxh6! would win.} (27. Rxb7 Qxd4+ 28. Nf2 Bc5 $15) 27... f5 $2 (27... Bh4 $11 {and Black is okay.} 28. Rh3 Bd8) 28. exf6 $18 Bxf6 {[%emt 0:00:03] [#]} 29. Nxh6 $40 {[%emt 0:01:13][%mdl 128] White wants a kill.} Bh4 $2 (29... gxh6 $2 {loses.} 30. Qg4 Qxd4+ 31. Be3 $18) (29... Bxd4+ 30. Kh2 Bb5 (30... gxh6 31. Qg4 Nh7 32. Qg6) 31. Nf7+ (31. Bxb5 axb5 32. Nf7+ Kg8 $18) 31... Kg8 32. Bxb5 axb5 33. Ne5) (29... Bb5 $16) 30. Nf7+ Kg8 31. Nh6+ $2 (31. Rxg7+ Kxg7 32. Ne5) 31... Kh8 32. Nf7+ $2 (32. Rh3 Bf6 33. Nf7+ Kg8 34. Ne5) 32... Kg8 33. Nh6+ $2 {[%emt 0:00:43] Weighted Error Value: White=0.61/Black=0.50.  Loses game:     	---       	Black=4      Missed win:     	White=2     	---        Mistake:       	White=5     	Black=3      Inaccurate:     	White=1     	Black=3      OK:         	White=7     	Black=7      Best:        	White=3     	Black=2      Strong:       	---       	Black=1} ({White has to play} 33. Rxg7+ $18 Kxg7 34. Ne5) 1/2-1/2

[Event "Reykjavik Open 2024"]
[Site "Reykjavik"]
[Date "2024.03.17"]
[Round "4.16"]
[White "Dauner, Benedikt"]
[Black "Balakrishnan, Praveen"]
[Result "0-1"]
[ECO "D02"]
[WhiteElo "2366"]
[BlackElo "2490"]
[Annotator "TA"]
[PlyCount "62"]
[EventDate "2024.03.12"]
[EventCountry "ISL"]
[SourceTitle "playchess.com"]
[Source "ChessBase"]
[SourceQuality "1"]
[TimeControl "40/5400+30:1800+30"]

1. d4 d5 2. Nf3 Nf6 3. Bf4 c5 4. e3 Nc6 5. Nbd2 Bg4 6. c3 e6 7. h3 Bxf3 8. Qxf3 h6 9. Bd3 {[%emt 0:16:04] White has an edge.} Bd6 10. dxc5 Bxc5 {[%emt 0:01:06] aiming for ...e5.} 11. e4 d4 12. Nb3 (12. Nc4 $14) 12... dxc3 $11 13. bxc3 ({Reject} 13. Nxc5 cxb2 14. Rb1 Qa5+ 15. Bd2 Qxc5 16. Rxb2 O-O $17) 13... Bd6 {[%emt 0:01:04] Hoping for ...Bxf4.} 14. Bb5 {[%emt 0:09:30] And now e5 would win.} Bxf4 (14... Qb6 $5 15. Bxd6 Qxb5 $15) 15. Qxf4 Qb6 16. Nd4 Qc5 17. Qf3 O-O 18. Bxc6 bxc6 19. O-O Qc4 20. Rfe1 Rab8 21. Nb3 Rfd8 22. Qe2 Qxc3 23. Rac1 Qb4 24. Rc3 $2 {[%emt 0:01:55][%mdl 8192] [#]} c5 $2 25. Rxc5 Rbc8 26. Rxc8 Rxc8 27. e5 {[%emt 0:10:04] [#]} ({White should try} 27. f3 $1 $15) 27... Rc2 $1 $36 {[%emt 0:02:06][%mdl 2048] Black has strong initiative.} 28. Qd1 (28. Qf1 Nd5) 28... Nd5 (28... Rxa2 29. exf6 Qf4 30. Qd8+ Kh7 31. Qd3+ Kg8 32. Qd4 Qxf6 33. Qxf6 gxf6 34. Nc5 $16) 29. Re2 Rc3 {[%emt 0:01:06] Black has more active pieces.} 30. Qd2 (30. Rd2 $15) 30... a5 $19 31. Re1 $2 (31. Nd4) 31... Rxb3 {[%emt 0:00:08] Weighted Error Value: White=0.60/Black=0.30.  Loses game:     	White=1     	---        Missed win:     	---       	Black=1      Mistake:       	White=4     	---        Inaccurate:     	White=2     	Black=1      OK:         	White=6     	Black=10     Best:        	White=1     	Black=1} 0-1